 Dungeon Crawl Stone Soup version 0.14-a0-1097-gc7db7fc (webtiles) character file.

520 PolkaDot the Ruinous (level 6, -2/41 HPs)
             Began as a Vampire Conjurer on Nov 26, 2013.
             Was a Follower of Vehumet.
             Slain by a worker ant (6 damage)
             ... on Level 4 of the Dungeon.
             The game lasted 00:14:06 (2991 turns).

PolkaDot the Ruinous (Vampire Conjurer)             Turns: 2991, Time: 00:14:07

HP  -2/41        AC  4     Str  7      XL: 6   Next: 50%
MP   1/10        EV 12     Int 19      God: Vehumet [*.....]
Gold 130         SH  0     Dex 14      Spells:  2 memorised,  4 levels left

rFire  . . .     SeeInvis +     i - +1,+0 elf dagger (flame)
rCold  . . .     Clarity  .     m - +0 elf robe
rNeg   . . .     Conserve .     (no shield)
rPois  .         rCorr    .     (no helmet)
rElec  .         rRot     .     h - +0 cloak
SustAb . .       Spirit   .     (no gloves)
rMut   .         Warding  .     r - +0 pair of boots
Saprov . . .     Stasis   .     (no amulet)
                                (no ring)
                                (no ring)

@: regenerating very quickly, slightly resistant to hostile enchantments,
stealthy
A: bottle blood, fangs 3, see invisible, unbreathing
a: Bottle Blood, Renounce Religion


You were on level 4 of the Dungeon.
You worshipped Vehumet.
Vehumet was aware of your devotion.
You were almost alive.

You visited 1 branch of the dungeon, and saw 4 of its levels.

You collected 130 gold pieces.

Inventory:

Hand weapons
 d - a +2,+2 dagger of venom
 i - a +1,+0 elven dagger of flaming (weapon)
 j - a +1,+0 dagger of pain
Armour
 h - a +0 cloak (worn)
 m - a +0 elven robe (worn)
 r - a +0 pair of boots (worn)
Scrolls
 b - 2 scrolls of fog
 e - a scroll of remove curse
 f - 7 scrolls of identify
 l - a scroll of curse jewellery {unknown}
Potions
 g - 3 potions of degeneration
 p - a potion of paralysis
 q - 4 potions of blood
Books
 c - a book of Conjurations

   Spells                             Type                      Level
   *Magic Dart                        Conjuration                  1
   *Searing Ray                       Conjuration                  2
   Dazzling Spray                     Conjuration/Hexes            3
   Iskenderun's Mystic Blast          Conjuration                  4
   Iskenderun's Battlesphere          Conjuration/Charms           4
   Fulminant Prism                    Conjuration/Hexes            5


   Skills:
 - Level 2.1 Dodging
 - Level 3.0 Stealth
 - Level 1.0 Spellcasting
 * Level 6.0 Conjurations


You had 4 spell levels left.
You knew the following spells:

 Your Spells              Type           Power        Failure   Level  Hunger
a - Magic Dart            Conj           ###.         1%          1    ##.....
s - Searing Ray           Conj           ###...       2%          2    ###....


Dungeon Overview and Level Annotations

Branches:
Dungeon (4/16)
 Temple: D:4-7

Altars:
Ashenzari
Kikubaaqudgha
Trog
Vehumet

Annotations:
D:4 Duvessa


Innate Abilities, Weirdness & Mutations

Your natural rate of healing is extremely fast.
You can bottle blood from corpses.
You have razor-sharp teeth.*
You have supernaturally acute eyesight.
You can survive without breathing.*


Message History

Use which ability? (? or * to list)
Okay, then.
Duvessa hits you with an elven short sword!
Duvessa is no longer berserk.
Duvessa hits you with an elven short sword!
* * * LOW HITPOINT WARNING * * *
You see here a kobold corpse.
Drink which item? (? for menu, Esc to quit)
Okay, then.
Casting: Searing Ray
Confirm with . or Enter, or press ? or * to list all spells.
You don't have enough magic to cast that spell.
Unknown command.
Read which item? (? for menu, Esc to quit)
Okay, then.
Read which item? (? for menu, Esc to quit)
Okay, then.
Drink which item? (? for menu, Esc to quit)
Yummy - fresh blood!
The worker ant bites you.
You die...

#.%....#.#
#......#.####
#.##...#....# #.
#...#....# #
.#.##........# .#
...........#### ..# #.
###.##....# ##...#
##.####.##.##e###.....#
...............a@....#
##.#....##.##.##....#
#.#....##.##.##...##
#.#....##.##.###...#
#.#....##....# ...#
#....#.##....###...#
#......##......#....
###......[....##.#.##.
.......)......#..#.


You could see Duvessa and a worker ant.

Vanquished Creatures
  Dowan (D:4)
  3 orc priests
  An orc wizard (D:3)
  Crazy Yiuf (D:2)
  Ijyb (D:2)
  3 adders
  4 gnolls (D:4)
  A giant mite (D:1)
  2 worms (D:3)
  A giant eyeball (D:4)
  2 giant geckos
  2 oozes
  14 orcs
  A giant cockroach (D:1)
  5 hobgoblins
  8 jackals (D:3)
  9 kobolds
  3 quokkas
  9 bats
  7 giant newts
  11 goblins
  11 rats
  A fungus (D:2)
101 creatures vanquished.

Notes
Turn   | Place    | Note
--------------------------------------------------------------
     0 | D:1      | PolkaDot, the Vampire Conjurer, began the quest for the Orb.
     0 | D:1      | Reached XP level 1. HP: 13/13 MP: 4/4
   159 | D:1      | Reached XP level 2. HP: 16/19 MP: 0/5
   829 | D:2      | Reached XP level 3. HP: 8/24 MP: 3/6
  1145 | D:2      | Reached skill level 4 in Conjurations
  1152 | D:2      | Learned a level 2 spell: Searing Ray
  1269 | D:2      | Noticed Ijyb
  1304 | D:2      | Killed Ijyb
  1304 | D:2      | Reached XP level 4. HP: 20/30 MP: 2/8
  1663 | D:2      | Noticed Crazy Yiuf
  1688 | D:2      | Killed Crazy Yiuf
  1959 | D:3      | Found a radiant altar of Vehumet.
  1959 | D:3      | Found an ancient bone altar of Kikubaaqudgha.
  1963 | D:3      | Became a worshipper of Vehumet
  2026 | D:3      | Found a shattered altar of Ashenzari.
  2075 | D:3      | Reached XP level 5. HP: 31/35 MP: 5/9
  2192 | D:3      | Reached skill level 5 in Conjurations
  2309 | D:3      | Noticed a moth of wrath
  2312 | D:3      | Found a bloodstained altar of Trog.
  2421 | D:3      | Acquired Vehumet's first power
  2421 | D:3      | Offered knowledge of Flame Tongue by Vehumet.
  2567 | D:4      | Paralysed by a giant eyeball for 3 turns
  2624 | D:4      | Reached XP level 6. HP: 12/41 MP: 2/10
  2896 | D:4      | Noticed Duvessa
  2896 | D:4      | Noticed Dowan
  2921 | D:4      | Killed Dowan
  2921 | D:4      | Reached skill level 6 in Conjurations
  2991 | D:4      | Slain by a worker ant

Action                   |  1- 3 |  4- 6 || total
-------------------------+-------+-------++-------
Melee: Short sword       |    62 |     2 ||    64
       Dagger            |       |   125 ||   125
 Cast: Magic Dart        |    47 |       ||    47
       Searing Ray       |     2 |    21 ||    23
 Abil: Bottle Blood      |       |     5 ||     5
  Use: Potion            |     4 |    10 ||    14
       Scroll            |       |     8 ||     8
 Stab: Sleeping          |     3 |     5 ||     8
